 Dungeon Crawl Stone Soup version 0.25-a0-603-g0321be95db (webtiles) character file.

Game seed: 10002563357667600798, levelgen mode: deterministic

222 Notrik the Skirmisher (level 5, -9/51 HPs)
             Began as a Hill Orc Fighter on Mar 16, 2020.
             Killed by divine providence
             ... invoked by an orc priest
              (12 damage)
             ... on level 3 of the Dungeon.
             The game lasted 00:04:07 (2863 turns).

Notrik the Skirmisher (Hill Orc Fighter)            Turns: 2863, Time: 00:04:07

Health: -9/51      AC: 11    Str: 20    XL:     5   Next: 99%
Magic:  5/5        EV:  7    Int:  8    God:
Gold:   132        SH:  9    Dex: 10    Spells: 4/4 levels left

rFire    . . .     SeeInvis .   a - +0 war axe
rCold    . . .     Gourm    .   c - +0 kite shield
rNeg     . . .     Faith    .   b - +0 scale mail
rPois    .         Spirit   .   h - +2 helmet
rElec    .         Reflect  .   j - +0 cloak (curse)
rCorr    .         Harm     .   (no gloves)
MR       .....                  (no boots)
Stlth    ..........             (no amulet)
HPRegen  0.17/turn              (no ring)
MPRegen  0.09/turn              (no ring)

@: no status effects
A: no striking features
a: Convert to Beogh


You were on level 3 of the Dungeon.
You were not hungry.

You visited 1 branch of the dungeon, and saw 3 of its levels.

You collected 132 gold pieces.

Inventory:

Hand Weapons
 a - a +0 war axe (weapon)
Missiles
 e - a throwing net (quivered) {!f}
Armour
 b - a +0 scale mail (worn)
 c - a +0 kite shield (worn)
 h - a +2 helmet (worn)
   (You took it off Robin on level 2 of the Dungeon)
 j - a cursed +0 cloak (worn)
   (You found it on level 1 of the Dungeon)
 q - a cursed +0 cloak
   (You found it on level 3 of the Dungeon)
 u - a +0 pair of gloves
   (You found it on level 3 of the Dungeon)
Jewellery
 f - an uncursed ring of resist corrosion {unknown}
   (You found it on level 1 of the Dungeon)
Wands
 t - a wand of flame (14)
   (You took it off Robin on level 2 of the Dungeon)
Scrolls
 k - 2 scrolls of identify {unknown}
 l - a scroll of blinking {unknown}
 m - 2 scrolls of teleportation {unknown}
 n - a scroll of amnesia {unknown}
 o - 2 scrolls of remove curse {unknown}
 p - a scroll of immolation {unknown}
Potions
 d - a potion of might
 g - 2 potions of curing {unknown}
 i - a potion of mutation {unknown}
 s - a potion of lignification {unknown}
Comestibles
 r - 9 chunks of flesh


   Skills:
 * Level 6.4 Fighting
 + Level 4.7 Axes
 + Level 3.6 Armour
 + Level 3.5 Shields


You had 4 spell levels left.
You didn't know any spells.
Your spell library was empty.

Dungeon Overview and Level Annotations

Branches:
Dungeon (3/15)

Altars:


Message History

The orc closely misses you. The orc hits you but does no damage.
You barely miss the orc. You closely miss the orc priest.
The orc priest shouts, "Join the one true god or die!"
You hit the orc. You hit the orc but do no damage.
The orc priest mumbles some strange prayers to Beogh against you.
Pain shoots through your body!
* * * LOW HITPOINT WARNING * * *
The orc hits you but does no damage. x3; The orc completely misses you.
You block the orc's attack. You block the orc priest's attack.
You are too injured to fight recklessly!
The orc priest shouts, "Surrender to Beogh and we'll let you live!"
You hit the orc priest. You slash the orc!
You kill the orc!
You slash the orc!
You kill the orc!
You closely miss the orc. The orc hits you with a +0 mace.
* * * LOW HITPOINT WARNING * * *
The orc priest calls down the wrath of Beogh upon you.
Pain shoots through your body!
* * * LOW HITPOINT WARNING * * *
The orc priest shouts, "Beogh is our master!
Accept the truth or die!"
You hit the orc priest. You hit the orc.
You kill the orc!
The orc priest shouts, "Beogh is our master!
Accept the truth or die!"
The orc priest hits you but does no damage.
You closely miss the orc priest. You closely miss the goblin.
The goblin hits you but does no damage.
The orc priest begins to cast a cantrip, but forgets the words!
The goblin hits you but does no damage.
You hit the orc priest but do no damage.
You barely miss the goblin. The orc priest completely misses you.
The goblin hits you with a +0 club.
* * * LOW HITPOINT WARNING * * *
The orc priest mumbles some strange prayers to Beogh against you.
Pain shoots through your body!
* * * LOW HITPOINT WARNING * * *
You closely miss the orc priest.
The orc priest shouts, "Join the one true god or die!"
You hit the goblin.
You kill the goblin!
The orc priest casts a cantrip, but nothing happens.
You hit the orc priest but do no damage.
You block the orc priest's attack.
You closely miss the orc priest.
The orc priest shouts, "Beogh is our master!
Accept the truth or die!"
You block the orc priest's attack. x2
You closely miss the orc priest.
The orc priest invokes the aid of Beogh against you.
Beogh smites you!
You die...

# .....
#.###.#######.# #
.....
#.#...........# #
.....##.#.#.########
# ........#.#.# #
..........#.# #
..........#)# #
..........#.#
####.#)...#.#
#...@o.#.# ##.))).#
#.....# ...%...#
##......# #......#
.......# ........#


You could see an orc priest.

Vanquished Creatures
  An orc wizard (D:3)
  Robin (D:2)
  8 adders
  An ooze (D:1)
  2 dart slugs
  A worm (D:2)
  2 leopard geckos (D:1)
  6 orcs (D:3)
  A ball python (D:2)
  12 bats
  3 giant cockroaches
  7 hobgoblins (D:2)
  10 jackals
  2 quokkas (D:2)
  6 frilled lizards
  16 goblins
  6 kobolds
  7 rats
92 creatures vanquished.

Notes
Turn   | Place    | Note
-------+----------+-------------------------------------------
     0 | D:1      | Notrik the Hill Orc Fighter began the quest for the Orb.
     0 | D:1      | Reached XP level 1. HP: 19/19 MP: 1/1
   217 | D:1      | Reached skill level 4 in Fighting
   418 | D:1      | Reached XP level 2. HP: 27/27 MP: 2/2
   801 | D:1      | Reached XP level 3. HP: 33/34 MP: 3/3
  1181 | D:2      | Noticed Robin
  1197 | D:2      | Killed Robin
  1197 | D:2      | Reached skill level 5 in Fighting
  1305 | D:2      | Reached XP level 4. HP: 33/42 MP: 4/4
  1933 | D:2      | Reached XP level 5. HP: 50/50 MP: 5/5
  1944 | D:2      | Reached skill level 6 in Fighting
  2859 | D:3      | HP: 2/51 [orc priest/nerve-wracking pain (8)]
  2863 | D:3      | Killed from afar by an orc priest

Levels and vault maps discovered:
D:1:      scummos_arrival_simple_crosswalls, layout_basic, st_stairs_10,
          roderic_lattice_a, minmay_quantized
D:2:      minmay_diamond_boxcup, layout_basic, uniq_robin
D:3:      layout_basic, first_ration

Skill      XL: |  1  2  3  4  5 |
---------------+----------------+-----
Fighting       | 4 5 6 |  6.4
Axes           | 3 4 |  4.7
Armour         | |  3.6
Shields        | |  3.5

Action                   |  1- 3 |  4- 6 || total
-------------------------+-------+-------++-------
Melee: War axe           |   109 |   155 ||   264
  Eat: Ration            |     1 |       ||     1
       Chunk             |       |     3 ||     3
Armor: Scale mail        |    57 |   102 ||   159
Dodge: Dodged            |    31 |    54 ||    85
Block: Kite shield       |    59 |    88 ||   147

Table legend:
 A = Non-vault XP
 B = Vault XP
 C = Vault XP percentage of total XP
 D = Non-vault monster count
 E = Vault monster count
 F = Vault count percentage of total count
                 A         B        C        D         E       F
            +---------+---------+-------+---------+---------+-------
      Total |     248 |      70 |  22.0 |      65 |      27 |  29.3
            +---------+---------+-------+---------+---------+-------
        D:1 |      16 |      20 |  55.6 |      11 |       7 |  38.9
        D:2 |     109 |      50 |  31.4 |      31 |      20 |  39.2
        D:3 |     123 |       0 |   0.0 |      23 |       0 |   0.0
            +---------+---------+-------+---------+---------+-------
